 Dungeon Crawl Stone Soup version 0.24.0-124-g2791043dd8 (webtiles) character file.

Game seed: 15515067507903266334, levelgen mode: deterministic

788 Johnny the Magician (level 7, -3/44 HPs)
             Began as a Deep Elf Earth Elementalist on Feb 14, 2020.
             Slain by a worker ant (7 damage)
             ... on level 5 of the Dungeon.
             The game lasted 00:04:24 (4851 turns).

Johnny the Magician (Deep Elf Earth Elementalist)   Turns: 4851, Time: 00:04:25

Health: -3/44      AC:  3    Str:  5    XL:     7   Next: 56%
Magic:  16/18      EV: 13    Int: 22    God:
Gold:   131        SH:  0    Dex: 15    Spells: 14/18 levels left

rFire    . . .     SeeInvis .   z - +0 short sword (drain)
rCold    . . .     Gourm    .   (no shield)
rNeg     . . .     Faith    .   c - +0 robe
rPois    .         Spirit   .   o - +0 helmet
rElec    .         Reflect  .   (no cloak)
rCorr    .         Harm     +   (no gloves)
MR       .....                  (no boots)
Stlth    ++........             n - amulet of harm
HPRegen  0.14/turn              s - +2 ring of slaying
MPRegen  0.16/turn              (no ring)

@: lethally poisoned (-3 -> -27)
A: no striking features
a: no special abilities


You were on level 5 of the Dungeon.
You were near starving.

You visited 1 branch of the dungeon, and saw 5 of its levels.

You collected 131 gold pieces.

Inventory:

Hand Weapons
 g - a +2 dagger of speed
 z - a +0 short sword of draining (weapon)
Missiles
 b - 15 stones (quivered)
Armour
 c - a +0 robe (worn)
 o - a +0 helmet (worn)
 C - a +0 buckler
Magical Staves
 j - an uncursed staff of earth {unknown}
Jewellery
 n - an amulet of harm (around neck)
 s - a +2 ring of slaying (left hand)
 A - an uncursed ring of magical power
Wands
 v - a wand of acid (9)
Scrolls
 a - 3 scrolls of amnesia {unknown}
 e - 4 scrolls of identify {unknown}
 k - a scroll of random uselessness {unknown}
 p - a scroll of remove curse {unknown}
 r - a scroll of noise {unknown}
 t - 3 scrolls of enchant weapon {unknown}
 u - a scroll of fog {unknown}
 y - a scroll of teleportation {unknown}
 B - a scroll of enchant armour {unknown}
Potions
 f - 2 potions of brilliance {unknown}
 h - a potion of flight {unknown}
 i - a potion of agility {unknown}
 l - a potion of magic {unknown}
 m - 2 potions of heal wounds {unknown}
 q - 2 potions of curing {unknown}
 w - 3 potions of degeneration {unknown}
 x - a potion of ambrosia {unknown}
Comestibles
 d - 7 rations


   Skills:
 * Level 4.7 Fighting
 - Level 2.4 Dodging
 - Level 2.4 Stealth
 + Level 1.1 Shields
 + Level 6.2 Spellcasting
   Level 1.1 Transmutations
 + Level 5.5 Earth Magic


You had 14 spell levels left.
You knew the following spells:

 Your Spells              Type           Power        Failure   Level  Hunger
a - Sandblast             Erth           ####..       1%          1    None
b - Stone Arrow           Conj/Erth      ###...       9%          3    #......

Your spell library contained the following spells:

 Spells                   Type           Power        Failure   Level  Hunger
 Passwall                 Tmut/Erth      ###.....     3%          2    None
 Summon Small Mammal      Summ           #...         9%          1    None
 Call Imp                 Summ           #.......     14%         2    None
 Petrify                  Tmut/Erth      ###.....     22%         4    ###....
 Call Canine Familiar     Summ           #.......     26%         3    #......
 Summon Guardian Golem    Hex/Summ       #.......     26%         3    #......
 Lee's Rapid Deconstruct  Erth           ####......   26%         5    #####..
 Summon Ice Beast         Ice/Summ       #.......     65%         4    ###....
 Summon Lightning Spire   Summ/Air       #.......     65%         4    ###....


Dungeon Overview and Level Annotations

Branches:
Dungeon (5/15)
 Temple: D:4-7

Altars:
Hepliaklqana
Kikubaaqudgha
Yredelemnul


Message History

Press: ? - help, Shift-Dir - straight line, f - worker ant
Aim: a worker ant (moderately wounded)
The blast of sand misses the worker ant.
b - 16 stones You feel sick.
The worker ant bites you!
* * * LOW HITPOINT WARNING * * *
You are more poisoned.
The worker ant poisons you!
Casting: Sandblast (safe; 1% risk of failure)
Confirm with . or Enter, or press ? or * to list all spells.
Aiming: Sandblast (safe; 1% risk of failure)
Press: ? - help, Shift-Dir - straight line, f/p - worker ant
Aim: a worker ant (moderately wounded)
The blast of sand hits the worker ant but does no damage.
The worker ant is moderately wounded.
b - 15 stones
* * * LOW HITPOINT WARNING * * *
You feel very sick. The worker ant bites you.
You die...

..##...#.#.#####
.......#........
...............#
........<.......
................
##..............
#...#..##.#####
#.. ##.#......
... #@...### ..
##a..# . ...#
...# ...# ....
....# ##..#


You could see a worker ant.

Vanquished Creatures
  An ogre (D:4)
  A bullfrog (D:3)
  3 vampire bats (D:2)
  A crimson imp (D:3)
  2 hounds (D:4)
  5 orc wizards
  2 centaur skeletons (D:4)
  A worker ant (D:4)
  A hound skeleton (D:4)
  A howler monkey skeleton (D:4)
  8 adders
  An ooze (D:1)
  A worm (D:3)
  A dart slug (D:4)
  3 leopard geckos
  15 orcs
  4 bat skeletons (D:2)
  3 bat zombies (D:2)
  A giant cockroach (D:2)
  9 goblins
  6 hobgoblins
  4 jackals (D:4)
  2 quokkas
  14 bats
  5 frilled lizards
  5 kobolds
  6 rats
106 creatures vanquished.

Notes
Turn   | Place    | Note
-------+----------+-------------------------------------------
     0 | D:1      | Johnny the Deep Elf Earth Elementalist began the quest for
                  | the Orb.
     0 | D:1      | Reached XP level 1. HP: 10/10 MP: 6/6
   567 | D:1      | Reached XP level 2. HP: 14/16 MP: 4/8
   638 | D:1      | Reached skill level 1 in Fighting
  1139 | D:2      | Reached XP level 3. HP: 12/20 MP: 8/10
  1742 | D:2      | You fall into a shaft and drop 2 floors!
  1763 | D:4      | Reached XP level 4. HP: 24/26 MP: 8/11
  1775 | D:4      | Reached skill level 4 in Spellcasting
  1931 | D:4      | Reached XP level 5. HP: 31/31 MP: 10/13
  2227 | D:4      | Reached skill level 5 in Spellcasting
  2227 | D:4      | Reached XP level 6. HP: 37/37 MP: 12/15
  2481 | D:4      | Learned a level 3 spell: Stone Arrow
  2511 | D:4      | Found a basalt altar of Yredelemnul.
  2811 | D:4      | Reached skill level 5 in Earth Magic
  3385 | D:3      | Reached XP level 7. HP: 21/43 MP: 15/17
  4210 | D:3      | Found a hazy altar of Hepliaklqana.
  4449 | D:2      | Reached skill level 6 in Spellcasting
  4458 | D:2      | Found an ancient bone altar of Kikubaaqudgha.
  4464 | D:2      | Reached skill level 1 in Shields
  4840 | D:5      | Entered Level 5 of the Dungeon
  4851 | D:5      | Slain by a worker ant

Levels and vault maps discovered:
D:1:      nzn_arrival_water_spiral, layout_loops_ring
D:2:      layout_loops_ring, kennysheep_vampire_church
D:3:      layout_basic, overflow_temple_1_default, lemuel_old_faithful
D:4:      layout_basic, lemuel_coloured_pillars_altar, first_ration
D:5:      layout_basic, lemuel_blue_sif_altar, serial_shops, shop_fountains

Skill      XL: |  1  2  3  4  5  6  7 |
---------------+----------------------+-----
Fighting       | 1 2 3 4 |  4.7
Spellcasting   | 4 5 6 |  6.2
Earth Magic    | 4 5 |  5.5
Shields        | 1 |  1.1
Dodging        | |  2.4
Stealth        | |  2.4
Transmutations | |  1.1

Action                   |  1- 3 |  4- 6 |  7- 9 || total
-------------------------+-------+-------+-------++-------
Melee: Unarmed           |    21 |       |       ||    21
       Dagger            |    38 |    62 |    22 ||   122
       Short sword       |       |       |    40 ||    40
 Cast: Sandblast         |    27 |    36 |    18 ||    81
       Stone Arrow       |       |    16 |     8 ||    24
 Stab: Sleeping          |     3 |     1 |     3 ||     7
  Eat: Chunk             |     2 |     6 |     3 ||    11
Armor: Robe              |    12 |    11 |    37 ||    60
Dodge: Dodged            |    56 |    53 |    67 ||   176
